 Dungeon Crawl Stone Soup version 0.30-a0-305-g026cb31310 (webtiles) character file.

Game seed: 17409852752754662341

1186 ytrimaz the Ruffian (level 8, -8/83 HPs)
             Began as a Troll Transmuter on Oct 21, 2022.
             Mangled by a wyvern (11 damage)
             ... on level 6 of the Dungeon.
             The game lasted 00:04:50 (4226 turns).

ytrimaz the Ruffian (Troll Transmuter)              Turns: 4226, Time: 00:04:50

Health: -8/83      AC:  5    Str: 16 (19) XL:     8   Next: 19%
Magic:  8/8        EV:  9    Int: 10 (11) God:
Gold:   1454       SH:  0    Dex:  8 (10) Spells: 8/9 levels left

rFire   . . .      SeeInvis .      - Unarmed
rCold   . . .      Faith    .    (no shield)
rNeg    + . .      Spirit   .    a - +1 robe
rPois   .          Reflect  .    (helmet restricted)
rElec   .          Harm     .    (no cloak)
rCorr   .          Rampage  .    (gloves unavailable)
Will    .....                    (boots unavailable)
Stlth   +.........               (no amulet)
HPRegen 1.13/turn                f - ring of positive energy
MPRegen 0.11/turn                (no ring)

@: mighty, attractive, flying
A: large, unfitting armour, claws 3, regeneration 1, shaggy fur 1, tough skin 1
a: no special abilities


You were on level 6 of the Dungeon.
You visited 1 branch of the dungeon, and saw 6 of its levels.

You collected 1454 gold pieces.


Innate Abilities, Weirdness & Mutations

You are too large for most types of armour.
You have claws for hands.
Your natural rate of healing is unusually fast.
You are covered in fur. (AC +1)
You have tough skin. (AC +1)


   Skills:
 + Level 5.7 Fighting
 - Level 1.5 Dodging
 + Level 7.5 Unarmed Combat
 - Level 1.2 Spellcasting
 - Level 1.3 Transmutations


You had 8 spell levels left.
You knew the following spells:

 Your Spells              Type           Power      Damage    Failure   Level
a - Beastly Appendage     Tmut           6%         N/A       19%         1

Your spell library contained the following spells:

 Spells                   Type           Power      Damage    Failure   Level
 Wereblood                Tmut           3%         N/A       28%         2
 Apportation              Tloc           0%         N/A       34%         1
 Foxfire                  Conj/Fire      0%         2x1d4     34%         1
 Necrotise                Necr           0%         1d4       34%         1
 Summon Small Mammal      Summ           0%         N/A       34%         1
 Spider Form              Tmut/Pois      2%         N/A       58%         3
 Ignite Poison            Fire/Tmut/Pois 1%         N/A       63%         3
 Vhi's Electric Charge    Tloc/Air       0%         N/A       71%         3
 Ice Form                 Ice/Tmut       2%         N/A       94%         4
 Sticky Flame             Conj/Fire      0%         2d3       98%         4
 Arcjolt                  Conj/Air       0%         1d10      100%        5
 Fireball                 Conj/Fire      0%         3d3       100%        5
 Starburst                Conj/Fire      0%         6d3       100%        6
 Ignition                 Fire           0%         3d3       100%        8
 Maxwell's Capacitive Co  Air            0%         ∞         100%        8

Inventory:

Armour
 a - a +1 robe (worn)
Jewellery
 f - a ring of positive energy (left claw)
   (You found it on level 5 of the Dungeon)
Wands
 l - a wand of mindburst (8)
   (You found it on level 5 of the Dungeon)
 m - a wand of charming (10) (quivered)
   (You found it on level 2 of the Dungeon)
 q - a wand of digging (6)
   (You found it on level 5 of the Dungeon)
Scrolls
 b - a scroll of fog
 k - 2 scrolls of teleportation
 n - a scroll of silence
 o - a scroll of enchant armour
Potions
 c - 3 potions of brilliance
 d - a potion of magic
 e - a potion of resistance

Dungeon Overview and Level Annotations

Branches:
Dungeon (6/15) Zot: 26965
 Temple: D:4-7

Altars:
Kikubaaqudgha
Qazlal
Xom

Annotations:
D:4 1 runed translucent door, Crazy Yiuf

#.....#
#######..#
#.......##
#.#######
#.# #.# #.#
####.#####
#....@l..#
#........#
#........#
#........#
#........#
..........#
...###+#####
...


You could see a wyvern.


Message History

A hound is nearby!
The hound barks!
You closely miss the hound. The hound closely misses you.
You barely miss the hound. The hound bites you but does no damage.
Unknown command.
You closely miss the hound. The hound bites you. 😕 HP[-1]
You take 1 damage, and now have 82/83 hp.
You barely miss the hound. The hound bites you. x2 😕 HP[-6]
You take 6 damage, and now have 76/83 hp.
You scratch the hound.
The hound closely misses you. 😕 HP[+1] Unknown command.
You claw the hound! The hound bites you. 😕 HP[-1]
You take 1 damage, and now have 76/83 hp.
You scratch the hound.
You kill the hound! 😕 HP[+1] Key pressed, stopping explore. 😎 HP[+6]
Your hp is fully restored (83).
Unknown command.
Key pressed, stopping explore.
No target in view!
You now have 1411 gold pieces (gained 13).
Key pressed, stopping explore.
Key pressed, stopping explore.
You see here a hound corpse.
Key pressed, stopping explore.
You see here a +0 chain mail.
Done exploring.
Done exploring.
Done exploring.
Done exploring.
Done exploring.
Done exploring.
There is a stone staircase leading down here.
You climb downwards.
You hear the hiss of flowing sand.
There is an entrance to an ossuary on this level.
Hurry and find it before the portal is buried!
There is a stone staircase leading up here.
You now have 1420 gold pieces (gained 9).
There is a fountain of sparkling water here.
You now have 1426 gold pieces (gained 6).
You now have 1440 gold pieces (gained 14).
You now have 1454 gold pieces (gained 14).
A wyvern comes into view.
The wyvern hisses angrily.
A wyvern is nearby!
Unknown command.
Unknown command.
The wyvern closely misses you. The wyvern bites you! 😕 HP[-12]
You take 12 damage, and now have 71/83 hp.
You scratch the wyvern. The wyvern bites you! 😮 HP[-16]
You take 16 damage, and now have 55/83 hp.
Unknown command.
You are too injured to fight recklessly!
You barely miss the wyvern. The wyvern bites you! 😮 HP[-11]
You take 11 damage, and now have 44/83 hp.
You are too injured to fight recklessly!
You scratch the wyvern but do no damage.
The wyvern bites you!
* * * LOW HITPOINT WARNING * * *
The wyvern bites you!
* * * LOW HITPOINT WARNING * * *
Unknown command. 😨 HP[-22]
You take 22 damage, and now have 22/83 hp.
MASSIVE DAMAGE!! (PAUSE) Unknown command.
It was a potion of attraction.
You feel attractive to monsters. The wyvern bites you!
* * * LOW HITPOINT WARNING * * *
😱 HP[-9]
You take 9 damage, and now have 13/83 hp.
It was a potion of curing.
You feel better. The wyvern bites you!
* * * LOW HITPOINT WARNING * * *
The wyvern bites you!
* * * LOW HITPOINT WARNING * * *
😱 HP[-12]
You take 12 damage, and now have 1/83 hp.
It was a potion of degeneration.
There was something very wrong with that liquid.
You feel weakened.
You feel dopey.
You feel clumsy. The wyvern bites you.
* * * LOW HITPOINT WARNING * * *
It was a potion of flight.
You feel very buoyant.
You fly up into the air.
The wyvern closely misses you.
The wyvern misses you. 😱 HP[+1] It was a potion of might.
You feel very mighty all of a sudden. The wyvern bites you!
You die...

Skill      XL: |  1  2  3  4  5  6  7 |
---------------+----------------------+-----
Fighting       | 1 2 3 4 5 |  5.7
Unarmed Combat | 4 5 6 7 |  7.5
Dodging        | |  1.5
Spellcasting   | |  1.2
Transmutations | |  1.3

Action                   |  1- 3 |  4- 6 |  7- 9 || total
-------------------------+-------+-------+-------++-------
Melee: Unarmed           |   131 |    86 |    97 ||   314
       Punch             |       |     2 |     1 ||     3
Evoke: Wand              |       |     1 |       ||     1
  Use: Scroll            |     5 |     4 |     3 ||    12
       Potion            |       |     4 |     5 ||     9
 Stab: Sleeping          |     2 |       |       ||     2
Armor: Robe              |    48 |    33 |    32 ||   113
       Skin              |       |    32 |       ||    32
Dodge: Dodged            |    65 |    50 |    26 ||   141

Levels and vault maps discovered:
D:1:      kilobyte_arrival_exit_the_forest, layout_rooms
D:2:      layout_rooms, grunt_ministairs_13, uniq_sigmund
D:3:      layout_basic, jmf_multi_god_temple2
D:4:      layout_basic, nicolae_qazlal_general_emergency,
          uniq_crazy_yiuf_cottage
D:5:      layout_loops_ring
D:6:      layout_basic, mainiacjoe_overflow_boulevard, enter_ossuary_1,
          serial_shops, nicolae_square_shop, kb_lookout_dungeons_type,
          roderic_three_in_a_row, dreamdust_wishing_well

Notes
Turn   | Place    | Note
-------+----------+-------------------------------------------
     0 | D:1      | ytrimaz the Troll Transmuter began the quest for the Orb.
     0 | D:1      | Reached XP level 1. HP: 18/18 MP: 1/1
     0 | D:1      | magus.rc [v1.9.6]
   134 | D:1      | Reached skill level 1 in Fighting
   249 | D:1      | Reached XP level 2. HP: 27/27 MP: 2/2
   588 | D:1      | You add the spells Vhi's Electric Charge, Arcjolt and
                  | Maxwell's Capacitive Coupling to your library.
   839 | D:2      | Reached XP level 3. HP: 30/35 MP: 3/3
   880 | D:2      | You fall into a shaft and drop 1 floor!
   894 | D:3      | Reached skill level 2 in Fighting
   921 | D:3      | You pick up a book of Cantrips and begin reading...
   921 | D:3      | You add the spells Necrotise, Summon Small Mammal and
                  | Apportation to your library.
   939 | D:3      | You pick up a book of Fire and begin reading...
   939 | D:3      | You add the spells Foxfire, Fireball and Starburst to your
                  | library.
  1674 | D:3      | Found a large runed translucent door.
  1674 | D:3      | Found a large runed translucent door.
  1709 | D:3      | Found an ancient bone altar of Kikubaaqudgha.
  1719 | D:3      | Found a shimmering altar of Xom.
  1723 | D:3      | Reached skill level 4 in Unarmed Combat
  1840 | D:2      | Reached XP level 4. HP: 24/42 MP: 4/4
  1968 | D:2      | Noticed Sigmund
  1990 | D:2      | HP: 15/66 [something/magic dart (5)]
  1996 | D:2      | Killed Sigmund
  1997 | D:2      | Reached skill level 3 in Fighting
  1997 | D:2      | Reached skill level 5 in Unarmed Combat
  1997 | D:2      | Reached XP level 5. HP: 41/53 MP: 5/5
  2002 | D:2      | Reached XP level 6. HP: 47/61 MP: 6/6
  2161 | D:2      | You add the spells Ignite Poison, Sticky Flame and Ignition
                  | to your library.
  2367 | D:4      | Reached skill level 4 in Fighting
  2496 | D:4      | Found a stormy altar of Qazlal.
  2603 | D:4      | Identified a scroll of acquirement
  2603 | D:4      | Acquired 1167 gold pieces
  2806 | D:4      | Noticed a steam dragon
  2811 | D:4      | HP: 13/62 [steam dragon (3)]
  2816 | D:4      | Killed a steam dragon
  2817 | D:4      | Reached skill level 6 in Unarmed Combat
  2817 | D:4      | Reached XP level 7. HP: 29/71 MP: 7/7
  2971 | D:4      | Found a runed translucent door.
  2971 | D:4      | Found the +6 shillelagh "Devastator" {shatter}
  2972 | D:4      | Noticed Crazy Yiuf
  3358 | D:5      | Entered Level 5 of the Dungeon
  3481 | D:5      | Reached skill level 5 in Fighting
  3532 | D:5      | HP: 12/72 [ogre/+0 giant spiked club (24)]
  3536 | D:5      | HP: 5/72 [phantom (6)]
  3649 | D:5      | Reached skill level 7 in Unarmed Combat
  3768 | D:5      | Reached XP level 8. HP: 74/81 MP: 8/8
  4222 | D:6      | HP: 13/83 [wyvern (10)]
  4223 | D:6      | HP: 1/83 [wyvern (9)]
  4226 | D:6      | Mangled by a wyvern

Vanquished Creatures
  Sigmund (D:2)
  A steam dragon (D:4)
  A black bear (D:5)
  2 ogres (D:5)
  A phantom (D:5)
  2 centaurs
  2 hounds (D:5)
  2 jellies
  2 iguanas
  6 adders
  7 gnolls
  A white imp (D:5)
  An ufetubus (D:5)
  2 worms (D:5)
  2 dart slugs
  6 orcs
  8 endoplasms
  5 giant cockroaches
  6 goblins
  5 hobgoblins
  3 jackals (D:1)
  4 kobolds
  3 quokkas
  8 ball pythons
  6 bats
  4 frilled lizards
  4 rats
95 creatures vanquished.

Table legend:
 A = Non-vault XP
 B = Vault XP
 C = Vault XP percentage of total XP
 D = Non-vault monster count
 E = Vault monster count
 F = Vault count percentage of total count
                 A         B        C        D         E       F
            +---------+---------+-------+---------+---------+-------
      Total |    1412 |     283 |  16.7 |      88 |       7 |   7.4
            +---------+---------+-------+---------+---------+-------
        D:1 |      40 |       0 |   0.0 |      22 |       0 |   0.0
        D:2 |      54 |     281 |  83.9 |      19 |       5 |  20.8
        D:3 |      34 |       2 |   5.6 |      11 |       2 |  15.4
        D:4 |     483 |       0 |   0.0 |      21 |       0 |   0.0
        D:5 |     801 |       0 |   0.0 |      15 |       0 |   0.0
            +---------+---------+-------+---------+---------+-------

Illustrated notes

Table legend:
 A = Kills in this place as a percentage of kills in entire the game.
 B = Kills by you in this place as a percentage of kills by you in the entire game.
 C = Kills by friends in this place as a percentage of kills by friends in the entire game.
 D = Other kills in this place as a percentage of other kills in the entire game.
 E = Experience gained in this place as a percentage of experience gained in the entire game.
 F = Experience gained in this place divided by the number of levels of this place that you have seen.
                   A       B       C       D       E      F
               +-------+-------+-------+-------+-------+----------------------
         Total | 100.0 | 100.0 |   N/A |   N/A | 100.0 | 282.5
       Dungeon | 100.0 | 100.0 |   N/A |   N/A | 100.0 | 282.5
               +-------+-------+-------+-------+-------+----------------------

Table legend: (Time is in decaauts)
 A = Elapsed time spent in this place.
 B = Non-inter-level travel time spent in this place.
 C = Inter-level travel time spent in this place.
 D = Time resting spent in this place.
 E = Time spent auto-exploring this place.
 F = Levels seen in this place.
 G = Mean time per level.
                   A        B        C        D        E       F      G
               +--------+--------+--------+--------+--------+-----+--------+
         Total |   4204 |   4056 |    148 |    206 |   3093 |   6 |  700.7 |
       Dungeon |   4204 |   4056 |    148 |    206 |   3093 |   6 |  700.7 |
               +--------+--------+--------+--------+--------+-----+--------+

Top non-repeatable levels by time:
     D:4: 1018 daAuts
     D:3: 897 daAuts
     D:1: 838 daAuts
     D:5: 823 daAuts
     D:2: 593 daAuts
     D:6: 33 daAuts
